BlueJackets vs Senators

Created - March 18 2008 at 18:28

Goals
1 2 3 T
BlueJackets 0 0 4 4
Senators 1 1 1 3
Shots
1 2 3 T
BlueJackets 11 10 8 29
Senators 14 11 10 35

Period #1

1. Senators , Patrick Marleau 32 (Marc-Andre Bergeron, Pascal Leclaire) at 3:42 (PP)

Penalties :
Aaron Johnson (CBJ) for Holding (Minor) at 2:18, Dany Heatley (OTT) for High sticking (Minor) at 5:54, Alexandre R.Picard (OTT) for Cross-checking (Minor) at 10:29, Marc-Andre Bergeron (OTT) for Roughing (Minor) at 19:04

Period #2

2. Senators , Jason Spezza 22 (Dany Heatley, Colby Armstrong) at 15:04

Penalties :
Jay Bouwmeester (OTT) for Roughing (Minor) at 0:19, Brenden Morrow (OTT) for Holding (Minor) at 3:08, Aaron Johnson (CBJ) for Holding (Minor) at 7:57, Mikko Koivu (OTT) for Hooking (Minor) at 12:18

Period #3

3. BlueJackets , Maxim Afinogenov 21 (Andy Mcdonald, Jason Smith) at 3:25
4. BlueJackets , Alexander Svitov 2 (Christian Ehrhoff, Radim Vrbata) at 6:48
5. BlueJackets , Maxim Afinogenov 22 (Andy Mcdonald, Fredrik Modin) at 7:16
6. Senators , Scottie Upshall 6 (R.J. Umberger, Guillaume Latendresse) at 7:42
7. BlueJackets , Vyacheslav Kozlov 23 (Teemu Selanne) at 9:56

Penalties :
Chris Kunitz (OTT) for Roughing (Minor) at 10:25, Colby Armstrong (OTT) for Interference (Minor) at 15:05, Brenden Morrow (OTT) for Diving (Minor) at 19:36

Goalie Stats

Niklas Backstrom (CBJ), 32 saves from 35 shots - (0.914), W, 29-31-4, 60:00 minutes
Pascal Leclaire (OTT), 25 saves from 29 shots - (0.862), L, 14-10-2, 60:00 minutes

Players Stats

BlueJackets
Player Name              G  A  P  +/- PIM S  H  SB FO MP 
-----------------------------------------------------------
Aaron Johnson            0  0  0  -1  4   0  3  0  0  15 
Alexander Svitov         1  0  1   1  0   1  1  0  11 7  
Andy Mcdonald            0  2  2   2  0   1  1  0  22 21 
Anze Kopitar             0  0  0   1  0   2  1  0  35 21 
Brent Burns              0  0  0   0  0   2  1  1  0  23 
Bryan Berard             0  0  0  -1  0   0  0  2  0  16 
Christian Ehrhoff        0  1  1   3  0   3  1  0  0  24 
Dan Fritsche             0  0  0   0  0   3  2  0  1  20 
Fredrik Modin            0  1  1   1  0   2  2  0  1  19 
Jason Chimera            0  0  0  -1  0   2  2  0  1  15 
Jason Smith              0  1  1   3  0   1  0  2  0  24 
Maxim Afinogenov         2  0  2   2  0   4  3  2  2  22 
Mike Grier               0  0  0   0  0   0  0  0  0  0  
Nick Schultz             0  0  0   0  0   0  2  1  0  23 
Radim Vrbata             0  1  1   1  0   2  0  0  0  6  
Steve Rucchin            0  0  0  -1  0   0  0  1  19 15 
Teemu Selanne            0  1  1   0  0   3  0  3  5  22 
Vyacheslav Kozlov        1  0  1   0  0   3  0  2  1  22 
Senators
Player Name              G  A  P  +/- PIM S  H  SB FO MP 
-----------------------------------------------------------
Alexandre R.Picard       0  0  0  -1  2   1  3  0  0  14 
Andrei Kostitsyn         0  0  0  -1  0   1  2  0  0  14 
Brenden Morrow           0  0  0  -1  4   1  1  0  1  16 
Chris Kunitz             0  0  0  -1  2   5  1  0  2  18 
Colby Armstrong          0  1  1  -1  2   1  0  2  0  14 
Dan Girardi              0  0  0   1  0   2  5  0  0  22 
Dany Heatley             0  1  1  -1  2   3  0  0  1  16 
Guillaume Latendresse    0  1  1   1  0   2  0  0  0  7  
Jason Spezza             1  0  1   0  0   2  1  0  35 20 
Jay Bouwmeester          0  0  0  -1  2   1  2  2  0  25 
Marc-Andre Bergeron      0  1  1   0  2   2  1  3  0  23 
Martin St. Louis         0  0  0  -1  0   7  1  0  1  18 
Matt Carle               0  0  0  -1  0   0  0  0  0  20 
Mikko Koivu              0  0  0  -1  2   1  1  0  16 14 
Patrick Marleau          1  0  1  -2  0   2  0  0  34 23 
R.J. Umberger            0  1  1   1  0   1  1  0  8  7  
Scottie Upshall          1  0  1   1  0   1  1  0  0  7  
Tom Preissing            0  0  0  -2  0   2  0  3  0  22 

3 Stars

1 - Maxim Afinogenov (CBJ)
2 - Andy Mcdonald (CBJ)
3 - Alexander Svitov (CBJ)

Power Play

BlueJackets - 0 on 9 Attempt(s) - 0.00%
Senators - 1 on 2 Attempt(s) - 50.00%

Penalty Kill

BlueJackets - 1 on 2 Attempt(s) - 50.00% - Score 0 goal in Penalty Kill
Senators - 9 on 9 Attempt(s) - 100.00% - Score 0 goal in Penalty Kill

Game Notes

No Game Note

Finance

Level 1 -- Attendance: 4805 (80.08%) -- Ticket Income $432,450.00
Level 2 -- Attendance: 4409 (83.98%) -- Ticket Income $207,223.00
Level 3 -- Attendance: 1758 (78.13%) -- Ticket Income $52,740.00
Level 4 -- Attendance: 3579 (89.48%) -- Ticket Income $71,580.00
Luxury Box -- Attendance: 825 (82.50%) -- Ticket Income $140,250.00
Game was played at the Corel Centre
Total Attendance: 15376 (83.11%)
Total Ticket Income: $986,773.70
Other Income: $156,807.60
Total Income: $1,143,582.00


Play by Play

Period #1

0:01 of 1st period - Andy Mcdonald wins face-off versus Patrick Marleau in neutral zone.
0:41 of 1st period - Shot by Dany Heatley.
0:41 of 1st period - Shot Misses the Net.
1:00 of 1st period - Icing by Dany Heatley.
1:01 of 1st period - Steve Rucchin wins face-off versus Patrick Marleau in Senators zone.
1:32 of 1st period - Shot by Dan Fritsche.
1:32 of 1st period - Stopped by Pascal Leclaire with a rebound.
1:34 of 1st period - Shot by Steve Rucchin.
1:34 of 1st period - Shot Blocked by Marc-Andre Bergeron.
1:36 of 1st period - Shot by Dan Fritsche.
1:36 of 1st period - Stopped by Pascal Leclaire without a rebound.
1:37 of 1st period - Anze Kopitar wins face-off versus Chris Kunitz in Senators zone.
1:40 of 1st period - Shot by Teemu Selanne.
1:40 of 1st period - Shot Misses the Net.
1:44 of 1st period - Shot by Vyacheslav Kozlov.
1:44 of 1st period - Shot Misses the Net.
1:48 of 1st period - Shot by Teemu Selanne.
1:48 of 1st period - Stopped by Pascal Leclaire without a rebound.
1:49 of 1st period - R.J. Umberger wins face-off versus Anze Kopitar in Senators zone.
1:58 of 1st period - Nick Schultz is hit by Scottie Upshall.
1:59 of 1st period - Icing by Nick Schultz.
2:00 of 1st period - Jason Spezza wins face-off versus Anze Kopitar in BlueJackets zone.
2:01 of 1st period - Shot by Martin St. Louis.
2:01 of 1st period - Deflect By Jason Spezza.
2:01 of 1st period - Stopped by Niklas Backstrom with a rebound.
2:05 of 1st period - Shot by Jason Spezza.
2:05 of 1st period - Shot Misses the Net.
2:07 of 1st period - Shot by Martin St. Louis.
2:07 of 1st period - Stopped by Niklas Backstrom without a rebound.
2:08 of 1st period - Maxim Afinogenov wins face-off versus Mikko Koivu in BlueJackets zone.
2:15 of 1st period - Shot by Chris Kunitz.
2:15 of 1st period - Stopped by Niklas Backstrom without a rebound.
2:16 of 1st period - Jason Spezza wins face-off versus Steve Rucchin in BlueJackets zone.
2:18 of 1st period - Minor Penalty to Aaron Johnson for Holding.
2:19 of 1st period - Jason Spezza wins face-off versus Teemu Selanne in BlueJackets zone.
3:42 of 1st period - Shot by Patrick Marleau.
3:42 of 1st period - Goal by Patrick Marleau - BlueJackets : 0 - Senators : 1.
3:43 of 1st period - Jason Chimera wins face-off versus R.J. Umberger in neutral zone.
3:48 of 1st period - Shot by Guillaume Latendresse.
3:48 of 1st period - Stopped by Niklas Backstrom without a rebound.
3:49 of 1st period - R.J. Umberger wins face-off versus Alexander Svitov in BlueJackets zone.
3:52 of 1st period - Shot by R.J. Umberger.
3:52 of 1st period - Stopped by Niklas Backstrom without a rebound.
3:53 of 1st period - Steve Rucchin wins face-off versus R.J. Umberger in BlueJackets zone.
4:38 of 1st period - Off-side.
4:39 of 1st period - Patrick Marleau wins face-off versus Andy Mcdonald in neutral zone.
4:44 of 1st period - Shot by Dany Heatley.
4:44 of 1st period - Deflect By Patrick Marleau.
4:44 of 1st period - Stopped by Niklas Backstrom without a rebound.
4:45 of 1st period - Patrick Marleau wins face-off versus Anze Kopitar in BlueJackets zone.
4:57 of 1st period - Icing by Teemu Selanne.
4:58 of 1st period - Anze Kopitar wins face-off versus Mikko Koivu in BlueJackets zone.
4:58 of 1st period - Anze Kopitar is hit by Chris Kunitz.
5:33 of 1st period - Vyacheslav Kozlov is hit by Dan Girardi and loses puck.
5:48 of 1st period - Andy Mcdonald is hit by Mikko Koivu and loses puck.
5:54 of 1st period - Minor Penalty to Dany Heatley for High sticking.
5:55 of 1st period - Jason Spezza wins face-off versus Andy Mcdonald in BlueJackets zone.
6:45 of 1st period - Shot by Maxim Afinogenov.
6:45 of 1st period - Stopped by Pascal Leclaire without a rebound.
6:46 of 1st period - Anze Kopitar wins face-off versus Patrick Marleau in Senators zone.
7:02 of 1st period - Shot by Maxim Afinogenov.
7:02 of 1st period - Shot Misses the Net.
7:04 of 1st period - Shot by Maxim Afinogenov.
7:04 of 1st period - Stopped by Pascal Leclaire without a rebound.
7:05 of 1st period - Jason Spezza wins face-off versus Andy Mcdonald in Senators zone.
7:26 of 1st period - Shot by Christian Ehrhoff.
7:26 of 1st period - Stopped by Pascal Leclaire with a rebound.
7:30 of 1st period - Shot by Fredrik Modin.
7:30 of 1st period - Shot Misses the Net.
7:32 of 1st period - Shot by Fredrik Modin.
7:32 of 1st period - Stopped by Pascal Leclaire without a rebound.
7:33 of 1st period - Patrick Marleau wins face-off versus Anze Kopitar in Senators zone.
7:42 of 1st period - Marc-Andre Bergeron is hit by Jason Chimera and loses puck.
8:16 of 1st period - Jay Bouwmeester is hit by Dan Fritsche and loses puck.
9:04 of 1st period - Off-side.
9:05 of 1st period - Anze Kopitar wins face-off versus Mikko Koivu in neutral zone.
9:18 of 1st period - Shot by Teemu Selanne.
9:18 of 1st period - Stopped by Pascal Leclaire with a rebound.
9:24 of 1st period - Shot by Chris Kunitz.
9:24 of 1st period - Deflect By Mikko Koivu.
9:24 of 1st period - Shot Blocked by Teemu Selanne.
9:26 of 1st period - Shot by Dan Girardi.
9:26 of 1st period - Stopped by Niklas Backstrom without a rebound.
9:27 of 1st period - Steve Rucchin wins face-off versus Brenden Morrow in BlueJackets zone.
9:27 of 1st period - Jason Chimera is hit by Brenden Morrow.
9:28 of 1st period - Icing by Jason Chimera.
9:29 of 1st period - Jason Spezza wins face-off versus Dan Fritsche in BlueJackets zone.
9:48 of 1st period - Shot by Jason Spezza.
9:48 of 1st period - Shot Blocked by Bryan Berard.
9:52 of 1st period - Shot by Jason Spezza.
9:52 of 1st period - Shot Misses the Net.
9:54 of 1st period - Shot by Jason Spezza.
9:54 of 1st period - Shot Misses the Net.
9:56 of 1st period - Shot by Tom Preissing.
9:56 of 1st period - Stopped by Niklas Backstrom without a rebound.
9:57 of 1st period - Anze Kopitar wins face-off versus Mikko Koivu in BlueJackets zone.
10:29 of 1st period - Minor Penalty to Alexandre R.Picard for Cross-checking.
10:30 of 1st period - Andy Mcdonald wins face-off versus Jason Spezza in Senators zone.
11:37 of 1st period - Icing by Maxim Afinogenov.
11:38 of 1st period - Anze Kopitar wins face-off versus Patrick Marleau in BlueJackets zone.
11:45 of 1st period - Shot by Brent Burns.
11:45 of 1st period - Stopped by Pascal Leclaire with a rebound.
12:05 of 1st period - Shot by Christian Ehrhoff.
12:05 of 1st period - Stopped by Pascal Leclaire without a rebound.
12:06 of 1st period - Andy Mcdonald wins face-off versus Patrick Marleau in Senators zone.
12:19 of 1st period - Shot by Vyacheslav Kozlov.
12:19 of 1st period - Shot Misses the Net.
12:37 of 1st period - Chris Kunitz is hit by Aaron Johnson and loses puck.
12:41 of 1st period - Icing by Bryan Berard.
12:42 of 1st period - Patrick Marleau wins face-off versus Steve Rucchin in BlueJackets zone.
12:56 of 1st period - Patrick Marleau is hit by Aaron Johnson and loses puck.
13:35 of 1st period - Icing by Dan Girardi.
13:36 of 1st period - Andy Mcdonald wins face-off versus Mikko Koivu in Senators zone.
13:36 of 1st period - Andy Mcdonald is hit by Dan Girardi.
14:20 of 1st period - Icing by Christian Ehrhoff.
14:21 of 1st period - Jason Spezza wins face-off versus Andy Mcdonald in BlueJackets zone.
14:22 of 1st period - Shot by Brenden Morrow.
14:22 of 1st period - Stopped by Niklas Backstrom without a rebound.
14:23 of 1st period - Jason Spezza wins face-off versus Anze Kopitar in BlueJackets zone.
14:24 of 1st period - Shot by Martin St. Louis.
14:24 of 1st period - Stopped by Niklas Backstrom without a rebound.
14:25 of 1st period - Jason Spezza wins face-off versus Anze Kopitar in BlueJackets zone.
14:33 of 1st period - Jason Spezza is hit by Brent Burns and loses puck.
14:52 of 1st period - Shot by Martin St. Louis.
14:52 of 1st period - Shot Blocked by Vyacheslav Kozlov.
14:54 of 1st period - Shot by Tom Preissing.
14:54 of 1st period - Shot Misses the Net.
15:08 of 1st period - Icing by Martin St. Louis.
15:09 of 1st period - Steve Rucchin wins face-off versus Jason Spezza in Senators zone.
16:06 of 1st period - Shot by Dany Heatley.
16:06 of 1st period - Shot Blocked by Bryan Berard.
16:19 of 1st period - Icing by Jason Chimera.
16:20 of 1st period - Steve Rucchin wins face-off versus Mikko Koivu in BlueJackets zone.
16:55 of 1st period - Shot by Mikko Koivu.
16:55 of 1st period - Stopped by Niklas Backstrom with a rebound.
16:57 of 1st period - Shot by Andrei Kostitsyn.
16:57 of 1st period - Shot Blocked by Jason Smith.
16:59 of 1st period - Shot by Chris Kunitz.
16:59 of 1st period - Stopped by Niklas Backstrom without a rebound.
17:00 of 1st period - Patrick Marleau wins face-off versus Vyacheslav Kozlov in BlueJackets zone.
17:07 of 1st period - Shot by Dany Heatley.
17:07 of 1st period - Shot Blocked by Nick Schultz.
17:16 of 1st period - Icing by Brent Burns.
17:17 of 1st period - Anze Kopitar wins face-off versus Patrick Marleau in BlueJackets zone.
18:18 of 1st period - Mikko Koivu is hit by Nick Schultz and loses puck.
18:30 of 1st period - Shot by Chris Kunitz.
18:30 of 1st period - Stopped by Niklas Backstrom without a rebound.
18:31 of 1st period - Andy Mcdonald wins face-off versus Martin St. Louis in BlueJackets zone.
18:35 of 1st period - Maxim Afinogenov is hit by Martin St. Louis and loses puck.
18:57 of 1st period - Shot by Maxim Afinogenov.
18:57 of 1st period - Shot Blocked by Marc-Andre Bergeron.
19:04 of 1st period - Minor Penalty to Marc-Andre Bergeron for Roughing.
19:05 of 1st period - Andy Mcdonald wins face-off versus Jason Spezza in Senators zone.
19:10 of 1st period - Shot by Andy Mcdonald.
19:10 of 1st period - Shot Misses the Net.
19:14 of 1st period - Shot by Andy Mcdonald.
19:14 of 1st period - Shot Blocked by Tom Preissing.
19:46 of 1st period - Shot by Anze Kopitar.
19:46 of 1st period - Stopped by Pascal Leclaire without a rebound.
19:47 of 1st period - Alexander Svitov wins face-off versus Patrick Marleau in Senators zone.

Period #2

0:01 of 2nd period - Andy Mcdonald wins face-off versus Jason Spezza in neutral zone.
0:19 of 2nd period - Minor Penalty to Jay Bouwmeester for Roughing.
0:20 of 2nd period - Mikko Koivu wins face-off versus Anze Kopitar in Senators zone.
0:35 of 2nd period - Shot by Anze Kopitar.
0:35 of 2nd period - Stopped by Pascal Leclaire without a rebound.
0:36 of 2nd period - Patrick Marleau wins face-off versus Andy Mcdonald in Senators zone.
1:16 of 2nd period - Shot by Andy Mcdonald.
1:16 of 2nd period - Stopped by Pascal Leclaire without a rebound.
1:17 of 2nd period - Anze Kopitar wins face-off versus Jason Spezza in Senators zone.
1:53 of 2nd period - Icing by Anze Kopitar.
1:54 of 2nd period - Patrick Marleau wins face-off versus Anze Kopitar in BlueJackets zone.
2:43 of 2nd period - Shot by Chris Kunitz.
2:43 of 2nd period - Stopped by Niklas Backstrom without a rebound.
2:44 of 2nd period - Alexander Svitov wins face-off versus Patrick Marleau in BlueJackets zone.
3:03 of 2nd period - Icing by Christian Ehrhoff.
3:04 of 2nd period - Jason Spezza wins face-off versus Alexander Svitov in BlueJackets zone.
3:08 of 2nd period - Minor Penalty to Brenden Morrow for Holding.
3:09 of 2nd period - Andy Mcdonald wins face-off versus Jason Spezza in BlueJackets zone.
3:22 of 2nd period - Shot by Christian Ehrhoff.
3:22 of 2nd period - Stopped by Pascal Leclaire without a rebound.
3:23 of 2nd period - Patrick Marleau wins face-off versus Anze Kopitar in Senators zone.
4:26 of 2nd period - Shot by Andy Mcdonald.
4:26 of 2nd period - Shot Misses the Net.
4:28 of 2nd period - Shot by Jason Smith.
4:28 of 2nd period - Stopped by Pascal Leclaire without a rebound.
4:29 of 2nd period - Jason Spezza wins face-off versus Andy Mcdonald in Senators zone.
4:42 of 2nd period - Shot by Teemu Selanne.
4:42 of 2nd period - Shot Misses the Net.
5:00 of 2nd period - Shot by Andy Mcdonald.
5:00 of 2nd period - Shot Blocked by Marc-Andre Bergeron.
5:02 of 2nd period - Shot by Vyacheslav Kozlov.
5:02 of 2nd period - Deflect By Andy Mcdonald.
5:02 of 2nd period - Shot Misses the Net.
5:04 of 2nd period - Shot by Teemu Selanne.
5:04 of 2nd period - Shot Blocked by Jay Bouwmeester.
5:34 of 2nd period - Shot by Chris Kunitz.
5:34 of 2nd period - Shot Hit the Post.
5:36 of 2nd period - Shot by Dan Girardi.
5:36 of 2nd period - Stopped by Niklas Backstrom without a rebound.
5:37 of 2nd period - Jason Spezza wins face-off versus Anze Kopitar in BlueJackets zone.
5:40 of 2nd period - Shot by Martin St. Louis.
5:40 of 2nd period - Shot Misses the Net.
5:53 of 2nd period - Icing by Tom Preissing.
5:54 of 2nd period - Jason Spezza wins face-off versus Alexander Svitov in Senators zone.
6:16 of 2nd period - Icing by Alexander Svitov.
6:17 of 2nd period - Patrick Marleau wins face-off versus Alexander Svitov in BlueJackets zone.
6:44 of 2nd period - Shot by Dany Heatley.
6:44 of 2nd period - Shot Misses the Net.
6:46 of 2nd period - Shot by Jay Bouwmeester.
6:46 of 2nd period - Stopped by Niklas Backstrom without a rebound.
6:47 of 2nd period - Mikko Koivu wins face-off versus Anze Kopitar in BlueJackets zone.
6:48 of 2nd period - Shot by Chris Kunitz.
6:48 of 2nd period - Shot Blocked by Brent Burns.
7:50 of 2nd period - Shot by Brenden Morrow.
7:50 of 2nd period - Shot Blocked by Teemu Selanne.
7:52 of 2nd period - Shot by Martin St. Louis.
7:52 of 2nd period - Stopped by Niklas Backstrom without a rebound.
7:53 of 2nd period - Patrick Marleau wins face-off versus Steve Rucchin in BlueJackets zone.
7:57 of 2nd period - Minor Penalty to Aaron Johnson for Holding.
7:58 of 2nd period - Maxim Afinogenov wins face-off versus Jason Spezza in BlueJackets zone.
7:58 of 2nd period - Andy Mcdonald is hit by Jason Spezza and loses puck.
8:06 of 2nd period - Icing by Dany Heatley.
8:07 of 2nd period - Jason Spezza wins face-off versus Andy Mcdonald in Senators zone.
8:07 of 2nd period - Chris Kunitz is hit by Maxim Afinogenov and loses puck.
8:51 of 2nd period - Martin St. Louis is hit by Alexander Svitov and loses puck.
8:56 of 2nd period - Shot by Marc-Andre Bergeron.
8:56 of 2nd period - Stopped by Niklas Backstrom without a rebound.
8:57 of 2nd period - Teemu Selanne wins face-off versus Patrick Marleau in BlueJackets zone.
9:03 of 2nd period - Icing by Martin St. Louis.
9:04 of 2nd period - Teemu Selanne wins face-off versus Patrick Marleau in Senators zone.
10:15 of 2nd period - Jason Chimera is hit by Jay Bouwmeester and loses puck.
10:26 of 2nd period - Shot by Dan Fritsche.
10:26 of 2nd period - Shot Misses the Net.
10:28 of 2nd period - Shot by Jason Chimera.
10:28 of 2nd period - Shot Misses the Net.
10:30 of 2nd period - Shot by Dan Fritsche.
10:30 of 2nd period - Shot Misses the Net.
10:32 of 2nd period - Shot by Dan Fritsche.
10:32 of 2nd period - Deflect By Jason Chimera.
10:32 of 2nd period - Stopped by Pascal Leclaire without a rebound.
10:33 of 2nd period - Alexander Svitov wins face-off versus Mikko Koivu in Senators zone.
10:33 of 2nd period - Alexander Svitov is hit by Alexandre R.Picard.
10:37 of 2nd period - Shot by Radim Vrbata.
10:37 of 2nd period - Stopped by Pascal Leclaire with a rebound.
10:41 of 2nd period - Shot by Dan Fritsche.
10:41 of 2nd period - Stopped by Pascal Leclaire without a rebound.
10:42 of 2nd period - Alexander Svitov wins face-off versus Patrick Marleau in Senators zone.
11:05 of 2nd period - Icing by Jay Bouwmeester.
11:06 of 2nd period - Dany Heatley wins face-off versus Anze Kopitar in Senators zone.
12:11 of 2nd period - Shot by Jason Spezza.
12:11 of 2nd period - Shot Blocked by Maxim Afinogenov.
12:13 of 2nd period - Shot by Martin St. Louis.
12:13 of 2nd period - Shot Misses the Net.
12:17 of 2nd period - Shot by Martin St. Louis.
12:17 of 2nd period - Stopped by Niklas Backstrom without a rebound.
12:18 of 2nd period - Steve Rucchin wins face-off versus Mikko Koivu in BlueJackets zone.
12:18 of 2nd period - Minor Penalty to Mikko Koivu for Hooking.
12:19 of 2nd period - Patrick Marleau wins face-off versus Teemu Selanne in BlueJackets zone.
14:25 of 2nd period - Steve Rucchin is hit by Andrei Kostitsyn and loses puck.
14:46 of 2nd period - Shot by Andrei Kostitsyn.
14:46 of 2nd period - Stopped by Niklas Backstrom without a rebound.
14:47 of 2nd period - Jason Spezza wins face-off versus Anze Kopitar in BlueJackets zone.
14:55 of 2nd period - Dany Heatley is hit by Nick Schultz and loses puck.
14:58 of 2nd period - Shot by Colby Armstrong.
14:58 of 2nd period - Shot Blocked by Vyacheslav Kozlov.
15:02 of 2nd period - Shot by Colby Armstrong.
15:02 of 2nd period - Deflect By Dany Heatley.
15:02 of 2nd period - Shot Misses the Net.
15:04 of 2nd period - Shot by Jason Spezza.
15:04 of 2nd period - Goal by Jason Spezza - BlueJackets : 0 - Senators : 2.
15:05 of 2nd period - Mikko Koivu wins face-off versus Alexander Svitov in neutral zone.
15:21 of 2nd period - Shot by Mikko Koivu.
15:21 of 2nd period - Shot Misses the Net.
15:26 of 2nd period - Shot by Chris Kunitz.
15:26 of 2nd period - Shot Blocked by Jason Smith.
15:36 of 2nd period - Shot by Mikko Koivu.
15:36 of 2nd period - Shot Blocked by Maxim Afinogenov.
15:45 of 2nd period - Off-side.
15:46 of 2nd period - Jason Spezza wins face-off versus Steve Rucchin in neutral zone.
15:51 of 2nd period - Shot by Martin St. Louis.
15:51 of 2nd period - Stopped by Niklas Backstrom with a rebound.
15:56 of 2nd period - Shot by Brenden Morrow.
15:56 of 2nd period - Shot Misses the Net.
16:00 of 2nd period - Shot by Jason Spezza.
16:00 of 2nd period - Shot Misses the Net.
16:02 of 2nd period - Shot by Tom Preissing.
16:02 of 2nd period - Stopped by Niklas Backstrom without a rebound.
16:03 of 2nd period - Anze Kopitar wins face-off versus Patrick Marleau in BlueJackets zone.
16:07 of 2nd period - Off-side.
16:08 of 2nd period - R.J. Umberger wins face-off versus Anze Kopitar in neutral zone.
16:38 of 2nd period - Teemu Selanne is hit by Dan Girardi and loses puck.
17:24 of 2nd period - Jason Chimera is hit by Marc-Andre Bergeron and loses puck.
17:50 of 2nd period - Andy Mcdonald is hit by Dan Girardi and loses puck.
17:55 of 2nd period - Shot by Fredrik Modin.
17:55 of 2nd period - Stopped by Pascal Leclaire without a rebound.
17:56 of 2nd period - Patrick Marleau wins face-off versus Anze Kopitar in Senators zone.
18:25 of 2nd period - Shot by Vyacheslav Kozlov.
18:25 of 2nd period - Stopped by Pascal Leclaire with a rebound.
18:48 of 2nd period - Off-side.
18:49 of 2nd period - Mikko Koivu wins face-off versus Steve Rucchin in neutral zone.
18:58 of 2nd period - Shot by Chris Kunitz.
18:58 of 2nd period - Stopped by Niklas Backstrom without a rebound.
18:59 of 2nd period - Alexander Svitov wins face-off versus Jason Spezza in BlueJackets zone.
19:04 of 2nd period - Shot by Radim Vrbata.
19:04 of 2nd period - Stopped by Pascal Leclaire without a rebound.
19:05 of 2nd period - Mikko Koivu wins face-off versus Andy Mcdonald in Senators zone.
19:22 of 2nd period - Off-side.
19:23 of 2nd period - Steve Rucchin wins face-off versus Patrick Marleau in neutral zone.

Period #3

0:01 of 3rd period - Steve Rucchin wins face-off versus Mikko Koivu in neutral zone.
0:15 of 3rd period - Mikko Koivu is hit by Aaron Johnson and loses puck.
1:39 of 3rd period - Jay Bouwmeester is hit by Maxim Afinogenov and loses puck.
2:52 of 3rd period - Shot by Martin St. Louis.
2:52 of 3rd period - Shot Misses the Net.
2:54 of 3rd period - Shot by Martin St. Louis.
2:54 of 3rd period - Stopped by Niklas Backstrom without a rebound.
2:55 of 3rd period - Anze Kopitar wins face-off versus Patrick Marleau in BlueJackets zone.
2:59 of 3rd period - Off-side.
3:00 of 3rd period - Anze Kopitar wins face-off versus Patrick Marleau in neutral zone.
3:07 of 3rd period - Shot by Maxim Afinogenov.
3:07 of 3rd period - Deflect By Andy Mcdonald.
3:07 of 3rd period - Shot Blocked by Jay Bouwmeester.
3:11 of 3rd period - Shot by Maxim Afinogenov.
3:11 of 3rd period - Shot Blocked by Colby Armstrong.
3:15 of 3rd period - Shot by Anze Kopitar.
3:15 of 3rd period - Shot Blocked by Colby Armstrong.
3:25 of 3rd period - Shot by Maxim Afinogenov.
3:25 of 3rd period - Goal by Maxim Afinogenov - BlueJackets : 1 - Senators : 2.
3:26 of 3rd period - Steve Rucchin wins face-off versus Jason Spezza in neutral zone.
3:35 of 3rd period - Martin St. Louis is hit by Jason Chimera and loses puck.
3:56 of 3rd period - Shot by Marc-Andre Bergeron.
3:56 of 3rd period - Stopped by Niklas Backstrom without a rebound.
3:57 of 3rd period - Anze Kopitar wins face-off versus R.J. Umberger in BlueJackets zone.
3:57 of 3rd period - Anze Kopitar is hit by R.J. Umberger.
4:21 of 3rd period - R.J. Umberger is hit by Anze Kopitar.
4:53 of 3rd period - Shot by Patrick Marleau.
4:53 of 3rd period - Shot Misses the Net.
4:57 of 3rd period - Shot by Colby Armstrong.
4:57 of 3rd period - Stopped by Niklas Backstrom without a rebound.
4:58 of 3rd period - Steve Rucchin wins face-off versus Mikko Koivu in BlueJackets zone.
4:58 of 3rd period - Steve Rucchin is hit by Andrei Kostitsyn.
5:14 of 3rd period - Shot by Steve Rucchin.
5:14 of 3rd period - Shot Misses the Net.
6:06 of 3rd period - Teemu Selanne is hit by Alexandre R.Picard.
6:40 of 3rd period - Shot by Christian Ehrhoff.
6:40 of 3rd period - Shot Misses the Net.
6:42 of 3rd period - Shot by Radim Vrbata.
6:42 of 3rd period - Shot Misses the Net.
6:44 of 3rd period - Shot by Christian Ehrhoff.
6:44 of 3rd period - Shot Misses the Net.
6:46 of 3rd period - Shot by Alexander Svitov.
6:46 of 3rd period - Shot Misses the Net.
6:48 of 3rd period - Shot by Alexander Svitov.
6:48 of 3rd period - The goal is going for a video replay.
6:48 of 3rd period - The goal is good.
6:48 of 3rd period - Goal by Alexander Svitov - BlueJackets : 2 - Senators : 2.
6:49 of 3rd period - Patrick Marleau wins face-off versus Andy Mcdonald in neutral zone.
6:59 of 3rd period - Dany Heatley is hit by Christian Ehrhoff and loses puck.
7:16 of 3rd period - Shot by Maxim Afinogenov.
7:16 of 3rd period - Goal by Maxim Afinogenov - BlueJackets : 3 - Senators : 2.
7:17 of 3rd period - R.J. Umberger wins face-off versus Steve Rucchin in neutral zone.
7:36 of 3rd period - Shot by Guillaume Latendresse.
7:36 of 3rd period - Stopped by Niklas Backstrom with a rebound.
7:38 of 3rd period - Shot by Scottie Upshall.
7:38 of 3rd period - Shot Blocked by Steve Rucchin.
7:40 of 3rd period - Shot by R.J. Umberger.
7:40 of 3rd period - Shot Misses the Net.
7:42 of 3rd period - Shot by Scottie Upshall.
7:42 of 3rd period - Goal by Scottie Upshall - BlueJackets : 3 - Senators : 3.
7:43 of 3rd period - Patrick Marleau wins face-off versus Anze Kopitar in neutral zone.
8:15 of 3rd period - Shot by Teemu Selanne.
8:15 of 3rd period - Stopped by Pascal Leclaire without a rebound.
8:16 of 3rd period - Andy Mcdonald wins face-off versus R.J. Umberger in Senators zone.
9:46 of 3rd period - Shot by Martin St. Louis.
9:46 of 3rd period - Stopped by Niklas Backstrom without a rebound.
9:47 of 3rd period - Teemu Selanne wins face-off versus Jason Spezza in BlueJackets zone.
9:56 of 3rd period - Shot by Vyacheslav Kozlov.
9:56 of 3rd period - Goal by Vyacheslav Kozlov - BlueJackets : 4 - Senators : 3.
9:57 of 3rd period - Mikko Koivu wins face-off versus Anze Kopitar in neutral zone.
10:25 of 3rd period - Minor Penalty to Chris Kunitz for Roughing.
10:26 of 3rd period - Jason Spezza wins face-off versus Andy Mcdonald in neutral zone.
10:26 of 3rd period - Martin St. Louis is hit by Andy Mcdonald and loses puck.
11:13 of 3rd period - Marc-Andre Bergeron is hit by Fredrik Modin and loses puck.
11:49 of 3rd period - Icing by Brent Burns.
11:50 of 3rd period - Anze Kopitar wins face-off versus Patrick Marleau in BlueJackets zone.
13:19 of 3rd period - Shot by Patrick Marleau.
13:19 of 3rd period - Shot Hit the Post.
13:21 of 3rd period - Shot by Dany Heatley.
13:21 of 3rd period - Deflect By Patrick Marleau.
13:21 of 3rd period - Shot Misses the Net.
13:23 of 3rd period - Shot by Dany Heatley.
13:23 of 3rd period - Shot Blocked by Teemu Selanne.
13:27 of 3rd period - Shot by Dany Heatley.
13:27 of 3rd period - Stopped by Niklas Backstrom with a rebound.
13:31 of 3rd period - Shot by Dany Heatley.
13:31 of 3rd period - Stopped by Niklas Backstrom without a rebound.
13:32 of 3rd period - Alexander Svitov wins face-off versus Jason Spezza in BlueJackets zone.
14:21 of 3rd period - Icing by Tom Preissing.
14:22 of 3rd period - Fredrik Modin wins face-off versus Jason Spezza in Senators zone.
14:54 of 3rd period - Icing by Jason Smith.
14:55 of 3rd period - Patrick Marleau wins face-off versus Andy Mcdonald in BlueJackets zone.
14:58 of 3rd period - Shot by Dany Heatley.
14:58 of 3rd period - Stopped by Niklas Backstrom without a rebound.
14:59 of 3rd period - Patrick Marleau wins face-off versus Steve Rucchin in BlueJackets zone.
15:05 of 3rd period - Minor Penalty to Colby Armstrong for Interference.
15:06 of 3rd period - Anze Kopitar wins face-off versus Chris Kunitz in BlueJackets zone.
15:14 of 3rd period - Maxim Afinogenov is hit by Dan Girardi and loses puck.
15:25 of 3rd period - Chris Kunitz is hit by Fredrik Modin and loses puck.
15:37 of 3rd period - Maxim Afinogenov is hit by Jay Bouwmeester and loses puck.
16:22 of 3rd period - Brenden Morrow is hit by Dan Fritsche and loses puck.
16:39 of 3rd period - Shot by Brent Burns.
16:39 of 3rd period - Stopped by Pascal Leclaire without a rebound.
16:40 of 3rd period - Andy Mcdonald wins face-off versus Jason Spezza in Senators zone.
17:08 of 3rd period - Andy Mcdonald is hit by Alexandre R.Picard and loses puck.
17:37 of 3rd period - Shot by Chris Kunitz.
17:37 of 3rd period - Shot Misses the Net.
17:39 of 3rd period - Shot by Alexandre R.Picard.
17:39 of 3rd period - Stopped by Niklas Backstrom without a rebound.
17:40 of 3rd period - Patrick Marleau wins face-off versus Anze Kopitar in BlueJackets zone.
17:56 of 3rd period - Icing by Dany Heatley.
17:57 of 3rd period - Andy Mcdonald wins face-off versus Patrick Marleau in Senators zone.
19:05 of 3rd period - Shot by Teemu Selanne.
19:05 of 3rd period - Shot Misses the Net.
19:15 of 3rd period - Shot by Vyacheslav Kozlov.
19:15 of 3rd period - Stopped by Pascal Leclaire without a rebound.
19:16 of 3rd period - Steve Rucchin wins face-off versus Jason Spezza in Senators zone.
19:17 of 3rd period - Shot by Jason Chimera.
19:17 of 3rd period - Shot Blocked by Tom Preissing.
19:20 of 3rd period - Icing by Tom Preissing.
19:21 of 3rd period - Steve Rucchin wins face-off versus Jason Spezza in Senators zone.
19:22 of 3rd period - Shot by Bryan Berard.
19:22 of 3rd period - Shot Blocked by Tom Preissing.
19:26 of 3rd period - Shot by Jason Chimera.
19:26 of 3rd period - Stopped by Pascal Leclaire without a rebound.
19:27 of 3rd period - Anze Kopitar wins face-off versus Jason Spezza in Senators zone.
19:36 of 3rd period - Minor Penalty to Brenden Morrow for Diving.
19:37 of 3rd period - Jason Spezza wins face-off versus Anze Kopitar in neutral zone.
19:43 of 3rd period - Icing by Nick Schultz.
19:44 of 3rd period - Jason Spezza wins face-off versus Anze Kopitar in BlueJackets zone.
19:55 of 3rd period - Jay Bouwmeester is hit by Maxim Afinogenov and loses puck.


Output by the SimonT Hockey Simulator (STHS) for Stephane Roy -- Original Page W3C XHTML 1.0 Valid